 Dungeon Crawl Stone Soup version 0.27.0-1-g7a089689b8 (webtiles) character file.

Game seed: 1930210787245415677

2244 rjrrt the Cleaver (level 9, -4/67 (74) HPs)
             Began as a Hill Orc Monk on Aug 11, 2021.
             Was a High Priest of Okawaru.
             Slain by a wight (7 damage)
             ... on level 7 of the Dungeon.
             The game lasted 00:14:36 (9132 turns).

rjrrt the Cleaver (Hill Orc Monk)                   Turns: 9132, Time: 00:14:37

HP:   -4/67 (74)    AC: 22    Str: 17    XL:     9   Next: 37%
MP:   13/14         EV:  8    Int: 10    God:    Okawaru [*****.]
Gold: 339           SH:  0    Dex: 13    Spells: 8/8 levels left

rFire    . . .     SeeInvis .   a - +0 hand axe (flame)
rCold    . . .     Faith    .   (no shield)
rNeg     . . .     Spirit   .   A - +0 plate armour
rPois    +         Reflect  .   p - +2 helmet
rElec    .         Harm     .   o - +1 cloak
rCorr    .         Rampage  .   f - +2 pair of gloves
Will     .....                  (no boots)
Stlth    ..........             (no amulet)
HPRegen  0.21/turn              y - ring of poison resistance
MPRegen  0.14/turn              (no ring)

@: heroic, drained
A: no striking features
a: Renounce Religion, Heroism, Finesse


You were on level 7 of the Dungeon.
You worshipped Okawaru.
Okawaru was extremely pleased with you.
You visited 1 branch of the dungeon, and saw 8 of its levels.

You collected 339 gold pieces.

Inventory:

Hand Weapons
 a - a +0 hand axe of flaming (weapon)
 l - a +0 trident of protection
 s - a +0 battleaxe
 x - a +3 flail
 z - a +2 antimagic hand axe
Missiles
 i - 11 boomerangs
 j - 24 poisoned darts (quivered)
Armour
 f - a +2 pair of gloves (worn)
 o - a +1 cloak (worn)
 p - a +2 helmet (worn)
 A - a +0 plate armour (worn)
Jewellery
 y - a ring of poison resistance (left hand)
Wands
 c - a wand of flame (18)
 m - a wand of polymorph (9)
 u - a wand of paralysis (10)
 B - a wand of iceblast (10)
Scrolls
 b - 4 scrolls of teleportation
 q - 2 scrolls of magic mapping
Potions
 d - 2 potions of invisibility
 e - a potion of lignification
 g - 6 potions of curing
 h - a potion of attraction
 k - a potion of ambrosia {unknown}
 n - a potion of degeneration {unknown}
 r - a potion of resistance {unknown}
 t - a potion of flight {unknown}
 v - a potion of brilliance {unknown}
 w - a potion of haste {unknown}
 C - a potion of heal wounds


   Skills:
 + Level 5.4(10.4) Fighting
 * Level 11.5(16.5) Axes
 + Level 3.2(8.2) Armour
 - Level 2.7(7.7) Dodging
 - Level 1.6(6.6) Stealth
 + Level 7.4 Invocations
 - Level 4.0 Evocations


You had 8 spell levels left.
You didn't know any spells.
Your spell library contained the following spells:

 Spells                   Type           Power      Damage    Failure   Level
 Slow                     Hex            0%         N/A       100%        2
 Confusing Touch          Hex            0%         N/A       100%        3
 Fireball                 Conj/Fire      0%         3d3       100%        5
 Yara's Violent Unravell  Hex/Tmut       0%         3d3       100%        5
 Starburst                Conj/Fire      0%         8x6d3     100%        6
 Ignition                 Fire           0%         3d3       100%        8


Dungeon Overview and Level Annotations

Branches:
Dungeon (8/15)             Temple (0/1) D:7
   Lair: D:8-11

Altars:
Ashenzari
Dithmenos
Gozag
Okawaru
Qazlal
Sif Muna
Xom
The Shining One


Message History

The wight is severely damaged.
The wight closely misses you.
You closely miss the wight.
The wight is severely damaged.
The wight hits you but does no damage.
You hit the wight but do no damage.
The wight is severely damaged.
You barely miss the wight.
The wight is severely damaged.
The wight barely misses you.
You closely miss the wight.
The wight is severely damaged.
You closely miss the wight.
The wight is severely damaged.
The wight closely misses you.
You hit the wight but do no damage. Your punch misses the wight.
The wight is severely damaged.
The wight hits you with a +2 dire flail of freezing.
The wight freezes you.
* * * LOW HITPOINT WARNING * * *
You closely miss the wight.
The wight is severely damaged.
You barely miss the wight.
The wight is severely damaged.
The wight closely misses you.
You hit the wight. You burn the wight.
The wight is almost destroyed.
You closely miss the wight.
The wight is almost destroyed.
The wight hits you with a +2 dire flail of freezing!
* * * LOW HITPOINT WARNING * * *
You feel drained.
* * * LOW HITPOINT WARNING * * *
The wight freezes you.
* * * LOW HITPOINT WARNING * * *
Unknown command.
You closely miss the wight.
The wight is almost destroyed.
The wight hits you with a +2 dire flail of freezing!
You die...

#......#......#.....###
#......#......#.......###########
#......#......#.....#............
#......#......#....[#.....[≈≈≈≈≈.
#......#......#.....#....≈≈≈≈≈≈≈≈
....[..#......#........≈≈≈≈≈≈≈≈≈≈
.......#......#.......≈≈≈≈≈≈≈≈≈≈≈
.......#......#..z....≈≈≈≈≈≈)..≈≈
.......#......#.@....(.......>.≈≈
.#######......#.......≈≈≈≈≈≈...≈≈
##............#........≈≈≈≈≈≈≈≈≈≈
..............#..........≈≈≈≈≈≈≈≈
..............#............≈≈≈≈≈.
..............#..................
####..####...##.........#########
####.)########......#####
.....)...'...#......#


You could see a wight.

Vanquished Creatures
  A steam dragon (D:7)
  2 water moccasins
  An orc warrior (D:6)
  A sky beast (D:4)
  2 black bears
  A necrophage (D:4)
  2 ogres
  A centaur (D:7)
  A kobold brigand (D:8)
  A phantom (D:4)
  3 scorpions
  A water moccasin skeleton (D:5)
  5 wights (D:7)
  5 hounds
  A jelly (D:4)
  Crazy Yiuf (D:3)
  An orc priest (D:5)
  2 iguanas
  5 orc wizards
  A killer bee zombie (D:6)
  A hound zombie (D:5)
  A hound skeleton (D:4)
  Robin (D:3)
  6 adders
  A shadow imp (D:7)
  An ufetubus (D:4)
  5 worms
  3 dart slugs
  13 orcs
  5 ball pythons
  3 endoplasms
  4 giant cockroaches
  15 goblins
  11 hobgoblins
  6 jackals (D:3)
  2 quokkas
  10 bats
  2 frilled lizards
  7 kobolds
  2 rats
137 creatures vanquished.

Vanquished Creatures (others)
  5 demonic plants (D:1)
  7 withered plants (D:1)
12 creatures vanquished.

Grand Total: 149 creatures vanquished

Notes
Turn   | Place    | Note
-------+----------+-------------------------------------------
     0 | D:1      | rjrrt the Hill Orc Monk began the quest for the Orb.
     0 | D:1      | Reached XP level 1. HP: 19/19 MP: 1/1
   109 | D:1      | Found a faded altar of an unknown god.
   116 | D:1      | Reached XP level 2. HP: 25/27 MP: 2/2
   884 | D:1      | Reached XP level 3. HP: 33/33 MP: 3/3
  1289 | D:1      | Became a worshipper of Warmaster Okawaru
  1289 | D:1      | Reached * piety under Okawaru
  1289 | D:1      | Reached ** piety under Okawaru
  1597 | D:2      | Reached skill level 5 in Axes
  1772 | D:2      | Reached skill level 1 in Invocations
  2170 | D:2      | Reached XP level 4. HP: 40/40 MP: 4/4
  2349 | D:3      | Reached *** piety under Okawaru
  2490 | D:3      | Found a runed translucent door.
  2491 | D:3      | Noticed Crazy Yiuf
  2506 | D:3      | Killed Crazy Yiuf
  2507 | D:3      | Reached skill level 6 in Axes
  2779 | D:3      | Noticed Robin
  2794 | D:3      | Reached XP level 5. HP: 39/46 MP: 6/6
  2807 | D:3      | Killed Robin
  3424 | D:4      | Found a broken altar of Ashenzari.
  3471 | D:4      | Found a glowing golden altar of the Shining One.
  3477 | D:4      | Noticed a phantom
  3509 | D:4      | Killed a phantom
  3510 | D:4      | Reached skill level 7 in Axes
  3510 | D:4      | Reached skill level 1 in Evocations
  3510 | D:4      | Reached XP level 6. HP: 33/52 MP: 5/8
  4722 | D:5      | Entered Level 5 of the Dungeon
  4775 | D:5      | Reached skill level 8 in Axes
  4775 | D:5      | Reached XP level 7. HP: 24/58 MP: 7/10
  5122 | D:5      | Reached **** piety under Okawaru
  5863 | D:4      | Reached skill level 5 in Invocations
  6072 | D:4      | Reached skill level 9 in Axes
  6085 | D:4      | Reached XP level 8. HP: 64/66 MP: 9/11
  6389 | D:5      | Found a shimmering blue altar of Sif Muna.
  6652 | D:6      | Found a shimmering altar of Xom.
  6862 | D:6      | Found a stormy altar of Qazlal.
  6961 | D:6      | Reached skill level 10 in Axes
  7249 | D:6      | Found the +5 robe of Night {Dark Will+ SInv}
  7413 | D:6      | Found a shadowy altar of Dithmenos.
  7414 | D:6      | Found an opulent altar of Gozag.
  7536 | D:6      | Reached skill level 1 in Armour
  7996 | D:7      | Reached ***** piety under Okawaru
  8074 | D:7      | Reached XP level 9. HP: 70/72 MP: 14/14
  8100 | D:7      | Reached skill level 5 in Fighting
  8100 | D:7      | Reached skill level 11 in Axes
  8882 | D:7      | Found a staircase to the Ecumenical Temple.
  9131 | D:7      | HP: 3/67 [wight (3)]
  9132 | D:7      | Slain by a wight

Illustrated notes

Levels and vault maps discovered:
D:1:      dpeg_arrival_pond, layout_basic, shapermc_ecumenical_altar_gd
D:2:      layout_basic, kennysheep_small_spiral
D:3:      layout_rooms, uniq_crazy_yiuf_cottage, uniq_robin
D:4:      layout_basic, tso_metal_star, ashenzari_altar_1, minivault_23
D:5:      layout_cave_pools, nicolae_overflow_crystal_walls,
          cheibrodos_sewer_entry_bend
D:6:      layout_basic, brannock_xom_greatest_gift, kennysheep_mini_moat,
          chequers_temple_overflow_statue_of_worship, minivault_11,
          kennysheep_generic_room_12
D:7:      layout_gridville, temple_pool_b
D:8:      layout_basic, okawaru_humans, nicolae_wwwww

Skill      XL: |  1  2  3  4  5  6  7  8  9 |
---------------+----------------------------+-----
Axes           | 5 6 7 8 9 10 11 | 11.5
Invocations    | 1 2 3 4 5 6 7 |  7.4
Evocations     | 1 2 3 4 |  4.0
Fighting       | 4 5 |  5.4
Armour         | 2 3 |  3.2
Dodging        | |  2.7
Stealth        | |  1.6

Action                   |  1- 3 |  4- 6 |  7- 9 || total
-------------------------+-------+-------+-------++-------
Melee: Hand axe          |   115 |   211 |   333 ||   659
       Punch             |       |       |     2 ||     2
Throw: Dart              |       |     1 |     1 ||     2
Invok: Heroism           |     1 |     5 |     5 ||    11
  Use: Potion            |     1 |       |     1 ||     2
       Scroll            |       |     9 |     6 ||    15
 Stab: Sleeping          |     7 |     5 |       ||    12
Armor: Robe              |     8 |       |       ||     8
       Leather armour    |    14 |    52 |       ||    66
       Ring mail         |       |    10 |    77 ||    87
       Plate armour      |       |       |    94 ||    94
Dodge: Dodged            |    63 |   120 |   101 ||   284
